 Dungeon Crawl Stone Soup version 0.31-a0-360-gb3e1d13bf4 (webtiles) character file.

Game seed: 17100965101902273341

12 CraigForest the Insei (level 2, 0/20 HPs)
             Began as a Vampire Shapeshifter on July 26, 2023.
             Slain by a jackal (1 damage)
             ... on level 1 of the Dungeon.
             The game lasted 00:02:44 (143 turns).

CraigForest the Insei (Vampire Shapeshifter)         Turns: 143, Time: 00:02:44

Health: 0/20       AC:  2    Str: 14    XL:     2   Next: 20%
Magic:  2/2        EV: 12    Int: 10    God:
Gold:   45         SH:  0    Dex: 14    Spells: 1/1 levels left

rFire   . .          .
                       - Unarmed
rCold   . . .        (no shield)
rNeg    . . .        a - +0 animal skin
rPois   .            (helmet currently unavailable)
rElec   .            (cloak currently unavailable)
rCorr   .            (gloves currently unavailable)
SInv    +            (boots currently unavailable)
Will    +....        (no amulet)
Stlth   +            e - ring of willpower
HPRegen 0.43/turn    (no ring)
MPRegen 0.08/turn

%: no passive effects
@: beast-form, healing quickly
A: beast (slay +2), alive, fangs 3, see invisible, vampiric 1
a: Exsanguinate, Begin Untransformation


You were on level 1 of the Dungeon.
You were a hulking beast.
You visited 1 branch of the dungeon, and saw 1 of its levels.

You collected 45 gold pieces.

Inventory:

Missiles
 f - 4 atropa-tipped darts
Armour
 a - a +0 animal skin (worn)
Jewellery
 e - a ring of willpower (left hand)
Talismans
 c - a beast talisman
Potions
 b - a potion of lignification
 d - a potion of mutation {unknown}


   Skills:
 + Level 0.8 Fighting
 + Level 2.1 Dodging
 + Level 3.7 Unarmed Combat
 + Level 3.5 Shapeshifting


You had one spell level left.
You didn't know any spells.
Your spell library was empty.

Dungeon Overview and Level Annotations

Branches:
Dungeon (1/15)

Altars:


Innate Abilities, Weirdness & Mutations

You are a hulking beast.
Your limbs bulge with bestial killing power. (Slay +2)
Your natural rate of healing is accelerated.
You have razor-sharp teeth.
You have supernaturally acute eyesight. (SInv)
You are afflicted with vampirism.


Message History

A jackal comes into view.
The jackal moves out of view.
The gnoll shouts!
You hit the jackal but do no damage. The jackal bites you.
You barely miss the jackal.
A giant cockroach comes into view.
An endoplasm comes into view.
The jackal closely misses you. The jackal barely misses you.
The jackal barks!
You hit the jackal.
The jackal is almost dead.
The jackal barely misses you. x2
You barely miss the jackal. Your bite misses the jackal.
The jackal is almost dead.
The jackal closely misses you. The jackal bites you.
You barely miss the jackal. You bite the jackal.
You kill the jackal!
The jackal bites you.
You hit the gnoll. You bite the gnoll, but do no damage.
The gnoll is moderately wounded.
The jackal misses you. x2
You barely miss the gnoll.
The gnoll is moderately wounded.
The gnoll hits you with a +0 club. The jackal closely misses you.
You punch the gnoll!
The gnoll is severely wounded.
The jackal misses you. The gnoll hits you with a +0 club.
You hit the gnoll.
The gnoll is almost dead.
The jackal bites you.
* * * LOW HITPOINT WARNING * * *
The gnoll hits you with a +0 club.
* * * LOW HITPOINT WARNING * * *
The giant cockroach waves its antennae.
The jackal closely misses you.
Unknown command.
The gnoll hits you but does no damage. The gnoll attacks as you move away!
The gnoll hits you with a +0 club.
* * * LOW HITPOINT WARNING * * *
The jackal bites you.
You die...

##.##############.#
#.# #.# #.# #.# #.#
#.# #.# #..
#.####... ###
#gh.JB... #h####...
#h# #.# #.# #.# #.#
#.# ... #.#


You could see a gnoll and 2 jackals.

Vanquished Creatures
  2 endoplasms (D:1)
  A giant cockroach (D:1)
  3 jackals (D:1)
  2 bats (D:1)
  A frilled lizard (D:1)
  2 kobolds (D:1)
11 creatures vanquished.

Notes
Turn   | Place    | Note
-------+----------+-------------------------------------------
     0 | D:1      | CraigForest the Vampire Shapeshifter began the quest for
                  | the Orb.
     0 | D:1      | Reached XP level 1. HP: 14/14 MP: 1/1
    84 | D:1      | Reached XP level 2. HP: 9/20 MP: 2/2
   143 | D:1      | HP: 1/20 [gnoll/+0 club (3)]
   143 | D:1      | Slain by a jackal

Illustrated notes

Levels and vault maps discovered:
D:1:      spicycebolla_green_bress_n_ham, layout_basic

Action                     || total
---------------------------++-------
  Melee: Unarmed           ||    25
         Bite              ||     3
   Stab: Sleeping          ||     1
 Armour: Animal skin       ||     3
  Dodge: Dodged            ||    20

Table legend: (Time is in decaauts)
 A = Elapsed time spent in this place.
 B = Non-inter-level travel time spent in this place.
 C = Inter-level travel time spent in this place.
 D = Time resting spent in this place.
 E = Time spent auto-exploring this place.
 F = Levels seen in this place.
 G = Mean time per level.
                   A        B        C        D        E       F      G
               +--------+--------+--------+--------+--------+-----+--------+
         Total |    140 |     95 |     45 |      0 |     31 |   1 |  140.0 |
       Dungeon |    140 |     95 |     45 |      0 |     31 |   1 |  140.0 |
               +--------+--------+--------+--------+--------+-----+--------+

Top non-repeatable levels by time:
     D:1: 140 daAuts
